Map: Minas de Magma

Players

eddy - Winner!

  • Race: Terran Terran
  • League: Platinum
  • Spawn Location: 1:00

Wequisley - Winner!

  • Race: Zerg Zerg
  • Spawn Location: 3:00

DuckKiller

  • Race: Zerg Zerg
  • League: Diamond
  • Spawn Location: 11:00

efelinto

  • Race: Protoss Protoss
  • League: Diamond
  • Spawn Location: 9:00

VOD

Have the link to the VOD?

Description

Time

  • Played on: April 14, 2017, 6:57 p.m.
  • Length: 15:04
Show
View Real Time Build Order
Export as new Build Order

eddy Terran - Winner!

Build Orders: Command Center First (CC), Bio Tank 

Get SALT Encoding   

  12  0:26  SCV  
  13  0:38  SCV  
  14  0:47  Supply Depot  
  14  0:50  SCV  
  14  0:51  Refinery  
  15  1:11  Command Center  
  15  1:14  SCV  
  16  1:26  SCV  
  16  1:28  Barracks  
  17  1:38  SCV  
  18  1:51  SCV  
  18  1:54  Supply Depot  
  19  2:03  SCV  
  19  2:08  Refinery  
  20  2:15  Refinery, SCV  
  21  2:19  Refinery  
  21  2:23  Marine  
  21  2:26  Orbital Command  
  21  2:27  SCV  
  23  2:41  Marine  
  23  2:43  Orbital Command  
  24  2:48  Factory  
  24  2:53  Barracks  
  24  2:56  SCV  
  25  3:08  Barracks Tech Lab, SCV  
  25  3:12  SCV  
  27  3:20  SCV  
  27  3:24  SCV  
  29  3:28  Marine  
  29  3:32  SCV  
  29  3:33  Starport  
  31  3:36  Factory Reactor  
  31  3:39  SCV  
  32  3:44  SCV  
  32  3:45  Barracks Reactor  
  33  3:51  SCV  
  33  3:53  Engineering Bay  
  34  3:56  SCV  
  34  3:59  Factory Tech Lab  
  34  4:02  Marine  
  35  4:03  SCV  
  35  4:04  Combat Shields  
  35  4:08  SCV  
  38  4:13  Starport Reactor  
  38  4:15  SCV  
  39  4:20  Missile Turret, Marine, SCV  
  39  4:23  Marine x2  
  43  4:27  SCV  
  43  4:29  Barracks  
  44  4:33  SCV  
  44  4:38  Marine  
  45  4:41  Missile Turret  
  46  4:49  Supply Depot  
  46  5:00  Command Center  
  46  5:03  Siege Tank, SCV x2  
  46  5:04  Medivac, Missile Turret  
  53  5:10  Medivac  
  53  5:12  Supply Depot  
  55  5:15  SCV  
  55  5:18  Factory  
  55  5:20  Barracks Tech Lab  
  56  5:23  Concussive Shells  
  56  5:30  Marauder  
  56  5:34  Medivac  
  60  5:37  SCV x2  
  60  5:41  Supply Depot  
  62  5:45  Missile Turret  
  62  5:49  Siege Tank, SCV  
  67  5:50  SCV  
  67  5:51  Marauder  
  67  5:55  Terran Infantry Weapons Level 1  
  69  6:01  SCV, Armory  
  69  6:03  SCV  
  71  6:04  Supply Depot  
  71  6:05  Missile Turret  
  71  6:06  Stimpack  
  71  6:10  Factory Tech Lab  
  71  6:12  Marauder  
  71  6:14  SCV  
  71  6:15  SCV  
  75  6:24  Missile Turret  
  75  6:25  Sensor Tower  
  75  6:26  SCV  
  75  6:27  SCV  
  75  6:28  Supply Depot, Orbital Command  
  77  6:37  Widow Mine  
  77  6:38  Widow Mine, SCV  
  77  6:39  SCV  
  83  6:42  Marine x2  
  85  6:50  SCV  
  85  6:51  SCV  
  87  6:59  Marine x3  
  90  7:02  SCV  
  90  7:03  SCV  
  90  7:06  Widow Mine x2  
  96  7:18  Marauder x2, Command Center  
  100  7:29  Missile Turret, SCV  
  101  7:30  Missile Turret x2, SCV x2  
  101  7:31  Missile Turret  
  103  7:42  SCV x3  
  103  7:43  Sensor Tower  
  106  7:47  Supply Depot  
  106  7:48  Supply Depot  
  106  7:50  Supply Depot  
  106  7:54  SCV x3  
  109  8:06  SCV x2  
  114  8:12  Siege Tank  
  114  8:13  Siege Tank  
  114  8:14  Marine  
  114  8:15  Marauder  
  120  8:37  Refinery  
  120  8:38  Refinery, Orbital Command  
  120  8:45  Siege Tank x2  
  117  8:59  Drilling Claws  
  117  9:05  Supply Depot  
  117  9:06  Supply Depot x2  
  117  9:07  Supply Depot  
  117  9:16  Terran Vehicle Weapons Level 1  
  120  9:17  Terran Infantry Weapons Level 2, Siege Tank x2  
  111  9:49  Refinery, Siege Tank  
  111  9:50  Refinery, Marine x3  
  111  9:51  Marine  
  89  10:02  Thor  
  91  10:08  Marine x4  
  95  10:17  Factory  
  95  10:21  Thor  
  101  10:26  Marine x4  
  105  10:32  Medivac x2  
  109  10:44  Marine x4  
  109  10:45  Thor  
  119  11:02  Medivac, Marine x2  
  119  11:03  Thor  
  128  11:09  Marine x2  
  128  11:10  Terran Vehicle And Ship Armor Level 1  
  128  11:11  Liberator  
  120  11:15  Liberator  
  108  11:20  Marine x2  
  92  11:26  Factory Tech Lab  
  92  11:27  Marine x2  
  92  11:28  Thor  
  104  11:33  Terran Infantry Armor Level 1  
  104  11:37  Marine  
  104  11:38  Marine  
  106  11:45  Marine x2  
  106  11:46  Thor  
  114  11:53  Liberator  
  114  11:55  Marine x2  
  114  11:58  Liberator  
  116  12:03  Marine x2, Orbital Command  
  116  12:07  Armory  
  118  12:13  Marine x2  
  126  12:20  Marine  
  126  12:21  Marine  
  128  12:31  Marine x2  
  128  12:34  SCV  
  128  12:36  Liberator  
  131  12:38  Marine x2, SCV  
  134  12:46  SCV  
  134  12:49  Marine x2  
  134  12:50  SCV  
  138  12:56  Marine x2  
  144  12:58  SCV  
  144  13:02  SCV  
  143  13:06  Marine  
  143  13:07  Marine  
  145  13:19  Unknown  
  122  13:24  Marine x2  
  121  13:33  Marine x2  
  105  13:36  Thor x3  
  94  13:42  Marine x2  
  91  13:50  Marine  
  91  13:51  Marine  
  93  14:00  Marine x2  
  95  14:08  Marine x2  
  97  14:18  Marine x2  
  97  14:19  Thor x3  
  117  14:26  Marine  
  118  14:34  Marine  
  118  14:35  Marine  
  118  14:36  Marine  
  127  14:44  Marine  
Show
View Real Time Build Order
Export as new Build Order

Wequisley Zerg - Winner!

Build Orders: Hatch First 

Get SALT Encoding   

  12  0:02  Drone  
  13  0:08  Drone  
  14  0:17  Overlord  
  14  0:35  Drone  
  14  0:36  Drone x2  
  17  0:46  Drone  
  18  1:00  Drone, Hatchery  
  18  1:10  Extractor  
  17  1:12  Drone  
  18  1:20  Spawning Pool  
  18  1:21  Drone  
  18  1:31  Drone  
  19  1:39  Extractor  
  18  1:44  Drone  
  19  1:52  Drone  
  20  2:08  Drone  
  21  2:14  Metabolic Boost  
  21  2:16  Queen x2  
  21  2:18  Zergling x4  
  27  2:37  Zergling x2  
  28  2:39  Overlord x2  
  28  2:44  Spore Crawler  
  27  2:45  Drone  
  28  3:01  Drone  
  28  3:02  Drone x3  
  32  3:08  Zergling x2  
  32  3:10  Lair  
  33  3:28  Drone  
  33  3:29  Drone x4  
  38  3:36  Zergling x2  
  38  3:37  Zergling x4  
  41  3:41  Drone x2  
  42  4:04  Zergling x2  
  42  4:05  Zergling x2  
  42  4:09  Overlord  
  41  4:10  Overlord x2  
  41  4:15  Drone  
  41  4:16  Drone x2  
  44  4:23  Extractor x2  
  42  4:28  Drone x3, Spire  
  44  4:33  Zergling x2  
  44  4:34  Unknown  
  45  4:39  Zergling x2  
  45  4:59  Drone x2  
  46  5:00  Drone  
  46  5:02  Drone x3  
  46  5:05  Spore Crawler  
  45  5:17  Drone  
  45  5:18  Drone  
  47  5:26  Overlord x2, Hatchery  
  46  5:40  Drone x7  
  53  5:49  Overlord x2  
  53  5:56  Overseer  
  53  5:59  Queen  
  55  6:04  Extractor  
  55  6:06  Unknown  
  55  6:07  Extractor  
  55  6:08  Mutalisk  
  55  6:09  Mutalisk x7  
  69  6:23  Drone x2  
  72  6:25  Drone  
  72  6:35  Infestation Pit  
  71  6:45  Drone x3  
  71  6:46  Mutalisk  
  71  6:47  Mutalisk x3  
  81  7:00  Zerg Flyer Weapons Level 1  
  81  7:04  Drone  
  81  7:05  Drone x4  
  81  7:07  Drone  
  81  7:08  Mutalisk x4  
  95  7:16  Pneumatized Carapace  
  95  7:23  Hive  
  95  7:25  Mutalisk  
  97  7:34  Drone  
  97  7:35  Drone x3  
  101  7:40  Hatchery  
  100  8:00  Mutalisk x2  
  100  8:01  Mutalisk  
  100  8:03  Overlord x5  
  106  8:14  Spore Crawler  
  106  8:15  Drone  
  98  8:35  Mutalisk  
  98  8:36  Mutalisk x8  
  98  8:39  Drone x3  
  98  8:40  Drone x2  
  119  8:59  Mutalisk  
  119  9:00  Mutalisk x3  
  127  9:05  Overseer  
  127  9:16  Extractor x2  
  125  9:17  Drone  
  125  9:18  Drone x2  
  125  9:19  Queen  
  125  9:20  Overlord x4  
  130  9:24  Mutalisk x3  
  136  9:31  Mutalisk  
  136  9:34  Overlord  
  136  9:35  Overlord x6  
  138  9:51  Spine Crawler  
  137  9:53  Spine Crawler  
  126  10:07  Greater Spire  
  126  10:18  Mutalisk  
  126  10:19  Mutalisk x7  
  142  10:29  Overlord x2  
  142  10:31  Overseer x2  
  142  10:59  Mutalisk x6  
  142  11:00  Mutalisk x2  
  122  11:24  Mutalisk x5  
  122  11:25  Mutalisk  
  120  11:38  Mutalisk x3  
  124  11:52  Zerg Flyer Weapons Level 2  
  124  12:16  Mutalisk  
  124  12:17  Mutalisk x5  
  136  12:23  Extractor  
  136  12:24  Extractor  
  128  12:45  Corruptor x3  
  128  12:46  Corruptor x4  
  142  13:20  Hatchery  
  143  13:27  Brood Lord x5  
  143  13:28  Brood Lord  
  153  13:54  Brood Lord  
  155  14:02  Corruptor  
  155  14:03  Corruptor x4  
  165  14:22  Corruptor  
  165  14:23  Corruptor x2  
Show
View Real Time Build Order
Export as new Build Order

DuckKiller Zerg 

Build Orders: Pool First, Lurkers 

Get SALT Encoding   

  12  0:02  Drone  
  13  0:13  Drone  
  14  0:27  Spawning Pool  
  13  0:34  Overlord  
  13  0:38  Extractor  
  13  0:40  Drone  
  13  0:45  Drone  
  14  1:03  Drone  
  15  1:10  Drone  
  16  1:14  Queen  
  18  1:37  Hatchery  
  17  1:42  Extractor  
  17  1:46  Drone  
  17  1:47  Drone  
  17  1:52  Drone  
  19  2:00  Drone  
  20  2:09  Overlord  
  20  2:28  Lair  
  20  2:35  Drone x3  
  23  2:51  Drone  
  23  2:52  Drone  
  25  3:00  Extractor  
  25  3:01  Drone x2  
  25  3:03  Extractor  
  25  3:08  Drone  
  25  3:09  Drone x2  
  25  3:12  Drone  
  29  3:21  Queen  
  31  3:28  Drone x2  
  31  3:31  Overseer  
  33  3:36  Drone  
  33  3:37  Drone x2  
  36  3:49  Hydralisk Den  
  36  3:52  Drone  
  36  4:12  Overlord x3  
  36  4:13  Overlord  
  36  4:18  Evolution Chamber  
  36  4:20  Evolution Chamber  
  34  4:24  Lurker Den  
  34  4:42  Hydralisk x3  
  34  4:45  Drone x3  
  43  4:46  Drone x3  
  46  5:06  Drone  
  47  5:07  Drone  
  47  5:08  Drone  
  47  5:09  Zerg Ground Armor Level 1, Zerg Missile Weapons Level 1  
  47  5:10  Hydralisk  
  47  5:11  Hydralisk  
  53  5:23  Hydralisk x3  
  53  5:25  Hydralisk  
  61  5:31  Hydralisk  
  63  5:43  Hydralisk x2  
  67  6:00  Queen, Hatchery  
  68  6:09  Burrow, Spore Crawler  
  67  6:14  Overlord x2  
  67  6:15  Overlord x2  
  67  6:19  Lurker  
  68  6:32  Overlord  
  68  6:34  Hydralisk  
  68  6:35  Hydralisk x2  
  68  6:36  Lurker x2  
  76  6:41  Lurker x2  
  79  6:47  Lurker x4  
  79  6:51  Drone x4  
  86  7:02  Lurker  
  87  7:09  Lurker  
  87  7:15  Drone  
  89  7:16  Drone  
  89  7:18  Extractor  
  89  7:19  Queen  
  89  7:21  Extractor  
  90  7:24  Hydralisk x2  
  90  7:25  Hydralisk x2  
  90  7:28  Spore Crawler  
  90  7:29  Spore Crawler  
  96  7:31  Spore Crawler  
  95  7:38  Spore Crawler  
  95  7:40  Spore Crawler  
  93  7:44  Spore Crawler  
  93  7:47  Hydralisk  
  94  7:52  Spore Crawler  
  93  8:01  Hydralisk x3  
  99  8:10  Spore Crawler  
  99  8:11  Queen  
  98  8:14  Spore Crawler  
  98  8:16  Drone  
  98  8:21  Overlord x2  
  98  8:33  Hydralisk x2  
  91  8:54  Hydralisk x4  
  86  8:59  Hydralisk  
  86  9:00  Queen  
  86  9:01  Drone x4  
  92  9:09  Spore Crawler  
  91  9:17  Zerg Missile Weapons Level 2  
  91  9:31  Hydralisk x2  
  84  10:00  Hydralisk  
  84  10:01  Hydralisk x2  
  84  10:02  Hydralisk x3  
  96  10:08  Drone x3  
  96  10:10  Drone  
  100  10:22  Zerg Ground Armor Level 2  
  100  10:42  Hydralisk  
  100  10:43  Hydralisk x4  
  100  10:47  Drone  
  111  10:51  Drone  
  111  10:55  Muscular Augments  
  78  11:29  Hydralisk  
  78  11:30  Hydralisk x5  
  80  11:45  Hydralisk x3  
  80  11:46  Hydralisk x3  
  90  11:48  Drone  
  90  11:49  Drone  
  92  12:03  Drone  
  92  12:04  Overseer  
  93  12:15  Hydralisk  
  93  12:16  Hydralisk x2  
  93  12:19  Queen  
  93  12:21  Drone x4  
  105  12:47  Hydralisk x3  
  110  13:03  Hatchery  
  64  13:36  Hydralisk x4  
  64  13:40  Hydralisk x4  
  73  13:48  Extractor  
Show
View Real Time Build Order
Export as new Build Order

efelinto Protoss 

Build Orders: 1 Gate Expand 

Get SALT Encoding   

  12  0:03  Probe (Chrono Boost)  
  13  0:13  Probe (Chrono Boost)  
  14  0:23  Pylon  
  14  0:24  Probe (Chrono Boost)  
  15  0:42  Probe (Chrono Boost)  
  16  0:47  Gateway  
  16  0:52  Probe (Chrono Boost)  
  17  1:03  Probe (Chrono Boost)  
  18  1:06  Assimilator  
  18  1:13  Probe (Chrono Boost)  
  19  1:24  Probe (Chrono Boost)  
  20  1:39  Probe (Chrono Boost), Nexus  
  21  1:46  Cybernetics Core  
  21  1:54  Probe (Chrono Boost)  
  21  1:56  Pylon  
  21  1:59  Assimilator  
  22  2:05  Probe (Chrono Boost)  
  22  2:07  Warp Gate  
  23  2:18  Pylon  
  23  2:26  Adept  
  25  2:44  Gateway  
  25  2:45  Gateway  
  25  2:50  Gateway  
  25  2:58  Probe (Chrono Boost)  
  26  3:08  Probe (Chrono Boost)  
  26  3:10  Probe (Chrono Boost)  
  28  3:18  Probe (Chrono Boost)  
  29  3:23  Mothership Core (Chrono Boost)  
  29  3:24  Twilight Council  
  31  3:29  Probe (Chrono Boost)  
  32  4:17  Probe x2 (Chrono Boost)  
  32  4:28  Probe (Chrono Boost)  
  33  4:32  Adept  
  33  4:33  Adept x2  
  39  4:49  Adept  
  35  5:11  Pylon  
  35  5:15  Pylon  
  35  5:20  Probe x2 (Chrono Boost)  
  37  5:22  Pylon  
  37  5:25  Assimilator  
  37  5:26  Pylon  
  37  5:28  Stalker  
  37  5:29  Assimilator  
  37  5:31  Probe x2 (Chrono Boost), Stalker  
  37  5:35  Sentry  
  45  5:36  Sentry  
  45  5:41  Probe x2 (Chrono Boost)  
  49  5:52  Probe x2 (Chrono Boost)  
  49  5:54  Gateway  
  49  5:56  Gateway  
  51  5:57  Gateway  
  51  6:00  Stalker, Gateway  
  51  6:02  Probe x2 (Chrono Boost)  
  51  6:03  Zealot  
  57  6:13  Probe x2 (Chrono Boost)  
  59  6:20  Pylon  
  59  6:23  Probe x2 (Chrono Boost)  
  61  6:26  Sentry  
  61  6:27  Sentry  
  65  6:34  Probe (Chrono Boost)  
  65  6:35  Zealot x2  
  70  6:40  Charge  
  70  6:47  Forge  
  70  7:05  Stalker  
  70  7:06  Zealot x3  
  70  7:07  Zealot  
  80  7:39  Stargate  
  80  7:40  Probe (Chrono Boost)  
  80  7:41  Stalker x2  
  80  7:42  Stalker x4  
  93  7:50  Pylon  
  93  7:52  Pylon  
  93  8:10  Pylon  
  93  8:17  Templar Archives  
  93  8:20  Gateway  
  93  8:21  Zealot x3  
  99  8:28  Gateway  
  99  8:34  Phoenix  
  101  8:56  Phoenix  
  103  9:10  Stargate  
  103  9:18  Phoenix  
  103  9:22  Zealot x4  
  103  9:23  Zealot x2  
  117  9:31  Pylon  
  117  9:36  Pylon  
  117  9:38  Pylon  
  117  9:40  Pylon  
  117  9:47  Nexus  
  99  10:01  Phoenix  
  101  10:14  Phoenix  
  103  10:22  Nexus  
  103  10:23  Phoenix  
  105  10:33  Zealot x5  
  115  10:45  Phoenix  
  117  10:53  Phoenix  
  119  11:06  Phoenix  
  73  11:27  Phoenix  
  73  11:31  Stalker  
  73  11:32  Stalker  
  75  11:38  Zealot  
  75  11:39  Zealot x5  
  87  11:40  Zealot x2  
  91  11:48  Probe (Chrono Boost)  
  91  11:49  Probe x2 (Chrono Boost)  
  91  11:50  Probe (Chrono Boost)  
  91  11:52  Phoenix  
  97  11:59  Probe (Chrono Boost)  
  98  12:14  High Templar  
  100  12:18  High Templar  
  103  12:23  Probe (Chrono Boost)  
  103  12:24  Assimilator  
  103  12:26  Probe x2 (Chrono Boost)  
  103  12:27  Assimilator  
  92  12:57  High Templar, Archon  
  94  13:08  Stalker x3  
  95  13:22  Stalker x2  
  79  13:58  High Templar  
  81  14:10  High Templar  
  83  14:34  Probe x2 (Chrono Boost)  
  83  14:35  Probe (Chrono Boost)  
  86  14:44  Probe (Chrono Boost)  
  86  14:45  Probe (Chrono Boost)  
  88  14:47  High Templar, Probe (Chrono Boost)  
  88  14:48  High Templar x6  
  88  14:49  High Templar x2  
  88  14:50  High Templar  
  88  14:52  Nexus  
  109  14:54  Archon x3  
  109  14:55  Archon x2  
  109  14:56  Archon  
Tags
 
Add a new tag
Caveats
  • Supply blocks, unpowered buildings, or Contaminate may cause inaccurate times.
  • Supply counts are checked every 10 seconds.